 Dungeon Crawl Stone Soup version 0.32-a0-666-ge8a88695a4 (webtiles) character file.

Game seed: 7915748769557887558

1825 backslashecho the Cleaver (level 8, -4/105 HPs)
             Began as a Mountain Dwarf Delver on Mar 9, 2024.
             Was an Initiate of Trog.
             Slain by a gnoll sergeant
             ... wielding a +4 trident of freezing
              (9 damage)
             ... on level 6 of the Dungeon.
             The game lasted 00:16:19 (6952 turns).

backslashecho the Cleaver (Mountain Dwarf Delver)   Turns: 6952, Time: 00:16:19

Health: -4/105     AC: 24    Str: 16    XL:     8   Next: 86%
Magic:  8/8        EV:  2    Int: 12    God:    Trog [......]
Gold:   289        SH:  0    Dex: 11    Spells: 7/7 levels left

rFire   . . .        a - +0 hand axe
rCold   . . .        (no shield)
rNeg    + . .        p - melded +0 chain mail
rPois   +            (helmet currently unavailable)
rElec   .            (cloak currently unavailable)
rCorr   .            t - melded +1 pair of gloves
SInv    .            r - melded +0 pair of boots
Will    .....        (no amulet)
Stlth   ++           s - ring of positive energy
HPRegen 0.37/turn    (no ring)
MPRegen 0.11/turn

%: no passive effects
@: brilliant, tree-form, invisible
A: stationary, stasis, torment immunity, boosted hp, runic magic, artefact
enchanting, high MP 1, MP-powered wands
a: Renounce Religion


You were on level 6 of the Dungeon.
You worshipped Trog.
Trog was noncommittal.
You were a tree.
You visited 2 branches of the dungeon, and saw 7 of its levels.

You collected 289 gold pieces.

Inventory:

Hand Weapons
 a - a +0 hand axe (weapon)
Armour
 p - a +0 chain mail (melded)
 r - a +0 pair of boots (melded)
 t - a +1 pair of gloves (melded)
Jewellery
 s - a ring of positive energy (left branch)
Wands
 e - a wand of paralysis (3)
 g - a wand of digging (2)
Scrolls
 c - a scroll of fog
 d - 3 scrolls of revelation
 i - 2 scrolls of identify {unknown}
 k - a scroll of enchant weapon {unknown}
 n - a scroll of noise {unknown}
 q - a scroll of poison {unknown}
 u - a scroll of summoning {unknown}
 v - a scroll of blinking {unknown}
Potions
 f - a potion of haste
 j - a potion of lignification
 l - 2 potions of mutation
 m - a potion of attraction
 o - a potion of enlightenment


   Skills:
 - Level 6.1 Fighting
 * Level 11.2 Axes
 + Level 4.8 Armour
 - Level 1.3 Dodging
 - Level 4.0 Stealth


You had 7 spell levels left.
You didn't know any spells.
Your spell library contained the following spells:

 Spells                   Type           Power      Damage    Failure   Level
 Necrotise                Necr           0%         1d4       32%         1
 Inner Flame              Hex/Fire       0%         N/A       69%         3
 Vampiric Draining        Necr           0%         2d6       69%         3
 Brom's Barrelling Bould  Conj/Erth      0%         2d3       97%         4
 Martyr's Knell           Necr/Summ      0%         N/A       97%         4
 Curse of Agony           Necr           0%         N/A       100%        5
 Fireball                 Conj/Fire      0%         3d3       100%        5
 Irradiate                Conj/Alch      0%         3d11      100%        5
 Iskenderun's Battlesphe  Conj           0%         2d6       100%        5
 Conjure Ball Lightning   Conj/Air       0%         3x3d6     100%        6
 Orb of Destruction       Conj           0%         9d5       100%        7
 Ignition                 Fire           0%         3d3       100%        8


Dungeon Overview and Level Annotations

Branches:
Dungeon (6/15)             Temple (1/1) D:6

Altars:
Cheibriados
Dithmenos
Elyvilon
Fedhas
Gozag
Hepliaklqana
Kikubaaqudgha
Makhleb
Nemelex Xobeh
Okawaru
Qazlal
Ru
Trog
Uskayaw
Vehumet
Wu Jian
Xom
Yredelemnul
Zin
The Shining One

Annotations:
D:1 1 runed translucent door
D:4 Edmund
D:6 1 exclusion, Grinder


Innate Abilities, Weirdness & Mutations

You are a tree.
Your roots penetrate the ground, keeping you stationary.
You cannot be teleported.
You are immune to unholy pain and torment.
Your maximum health is greatly increased.
Your equipment is partially melded.
Your spellcasting is much less encumbered by armour.
You can use scrolls of enchantment on lesser artefacts.
You have an increased reservoir of magic. (+10% MP)
You expend magic power (3 MP) to strengthen your wands.


Message History

The gnoll sergeant freezes you.
You take 3 damage, and have 34/70 hp.
You completely miss the gnoll sergeant.
The gnoll sergeant is lightly wounded.
You hit the iguana but do no damage.
The iguana bites you but does no damage.
You hit the gnoll sergeant but do no damage.
The gnoll sergeant is lightly wounded.
You hit the iguana.
The gnoll sergeant completely misses you.
You turn into a tree.
Your +1 pair of gloves melds into your body.
Your +0 pair of boots melds into your body.
Your +0 chain mail melds into your body.
Your roots penetrate the ground.
The iguana bites you but does no damage.
The gnoll sergeant hits you with a +4 trident of freezing.
The gnoll sergeant freezes you.
You now have 47/105 hp.
You completely miss the gnoll sergeant.
The gnoll sergeant is lightly wounded.
You hit the iguana.
The iguana bites you but does no damage.
The gnoll sergeant hits you with a +4 trident of freezing!
The gnoll sergeant freezes you.
You take 13 damage, and have 34/105 hp.
You hit the gnoll sergeant but do no damage.
The gnoll sergeant is lightly wounded.
You hit the iguana. The iguana bites you.
The gnoll sergeant hits you with a +4 trident of freezing!
* * * LOW HITPOINT WARNING * * *
The gnoll sergeant freezes you.
* * * LOW HITPOINT WARNING * * *
You take 13 damage, and have 21/105 hp.
You hit the gnoll sergeant but do no damage.
The gnoll sergeant is lightly wounded.
You barely miss the iguana.
You hit the gnoll sergeant but do no damage.
The gnoll sergeant is lightly wounded.
You closely miss the iguana.
The iguana bites you but does no damage.
The gnoll sergeant hits you but does no damage.
Press: ? - help, v - describe, . - travel
Here: a gnoll sergeant, wielding a +4 trident of freezing and wearing a +0 scale mail (lightly wounded)
The floor.
Unknown command.
You barely miss the gnoll sergeant.
The gnoll sergeant is lightly wounded.
You hit the iguana.
The iguana hisses menacingly.
The iguana bites you!
* * * LOW HITPOINT WARNING * * *
The gnoll sergeant hits you but does no damage.
You take 9 damage, and have 12/105 hp.
You hit the gnoll sergeant but do no damage.
The gnoll sergeant is lightly wounded.
You barely miss the iguana.
The iguana hisses menacingly.
The iguana bites you but does no damage.
It was a potion of enlightenment.
Your roots keep you in place.
The gnoll sergeant hits you with a +4 trident of freezing.
* * * LOW HITPOINT WARNING * * *
The gnoll sergeant freezes you.
* * * LOW HITPOINT WARNING * * *
The iguana bites you but does no damage.
You take 3 damage, and have 10/105 hp.
It was a potion of invisibility.
You fade into invisibility!
The gnoll sergeant hits you with a +4 trident of freezing.
* * * LOW HITPOINT WARNING * * *
The gnoll sergeant freezes you.
* * * LOW HITPOINT WARNING * * *
The iguana bites you but does no damage.
You take 6 damage, and have 4/105 hp.
Okay, then.
Unknown command.
Unknown command.
It was a potion of brilliance.
You feel clever all of a sudden. The gnoll sergeant barely misses you.
The iguana bites you.
* * * LOW HITPOINT WARNING * * *
You take 1 damage, and have 3/105 hp.
It was a potion of curing.
You feel better.
The gnoll sergeant hits you but does no damage.
The iguana bites you!
* * * LOW HITPOINT WARNING * * *
You hit the iguana.
You kill the iguana!
Trog accepts your kill.
You strike the helpless gnoll sergeant from behind!
You hit the gnoll sergeant.
The gnoll sergeant hits you but does no damage.
You hit the gnoll sergeant.
The gnoll sergeant is heavily wounded.
Your enlightenment fades.
The gnoll sergeant hits you but does no damage.
You hit the gnoll sergeant.
The gnoll sergeant is severely wounded.
The gnoll sergeant hits you with a +4 trident of freezing!
You die...

.....## ## ......#
#.' # ...##....
.## #.. ..##
##.###.#####.# .##
#......^...# ##
#####J##...# #
#....#.# #######
#..###.# ......#
##..##g♣# ......#
#.....†.# ......#
#...#####
......####.....#
......##...###.#
......#..#.# .#
......#.##'###+###
......#.#........#
....###.#........#


You could see a gnoll sergeant (unable to see you).

Vanquished Creatures
  A water moccasin (D:5)
  A black bear (D:5)
  An ice beast (D:5)
  A sky beast (Temple)
  An ogre (D:3)
  2 centaurs
  A phantom (D:5)
  5 scorpions
  A howler monkey (D:5)
  3 bombardier beetles
  A jelly (D:6)
  2 orc priests
  6 hounds
  2 iguanas
  2 sleepcaps
  3 orc wizards
  4 gnolls (D:6)
  8 adders
  2 white imps
  5 ribbon worms
  5 dart slugs
  11 orcs
  10 ball pythons
  7 bats
  4 endoplasms
  3 giant cockroaches
  A goblin (D:4)
  11 hobgoblins
  10 jackals
  A quokka (D:4)
  6 frilled lizards
  A goblin zombie (D:4)
  6 kobolds
  3 rats
  A rat zombie (D:4)
132 creatures vanquished.

Notes
Turn   | Place    | Note
-------+----------+-------------------------------------------
     0 | D:5      | backslashecho the Mountain Dwarf Delver began the quest for
                  | the Orb.
     0 | D:5      | Reached XP level 1. HP: 19/19 MP: 1/1
   102 | D:4      | Noticed a hound
   388 | D:3      | Found a faded altar of an unknown god.
   445 | D:2      | Reached XP level 2. HP: 24/26 MP: 2/2
   447 | D:2      | Reached skill level 3 in Axes
   784 | D:1      | Reached XP level 3. HP: 33/33 MP: 3/3
  1134 | D:1      | Found a runed translucent door.
  1285 | D:2      | Reached skill level 4 in Axes
  1803 | D:2      | Reached XP level 4. HP: 35/40 MP: 4/4
  2035 | D:3      | Noticed an ogre
  2273 | D:3      | Reached skill level 5 in Axes
  2376 | D:3      | Killed an ogre
  2377 | D:3      | Reached XP level 5. HP: 28/47 MP: 5/5
  2815 | D:4      | Reached skill level 6 in Axes
  2862 | D:4      | Reached XP level 6. HP: 51/55 MP: 6/6
  2989 | D:4      | Noticed Edmund
  3009 | D:4      | Gained mutation: You expend magic power (3 MP) to
                  | strengthen your wands. [potion of mutation]
  3009 | D:4      | Gained mutation: You have an increased reservoir of magic.
                  | (+10% MP) [potion of mutation]
  3064 | D:4      | Reached skill level 5 in Fighting
  3935 | D:4      | Reached skill level 7 in Axes
  4151 | D:4      | Reached XP level 7. HP: 42/62 MP: 7/7
  4380 | D:5      | Found a blossoming altar of Fedhas.
  4388 | D:5      | Found a hide-covered altar of Uskayaw.
  4389 | D:5      | Found an ancient bone altar of Kikubaaqudgha.
  4391 | D:5      | Found an iron altar of Okawaru.
  4391 | D:5      | Found a shadowy altar of Dithmenos.
  4392 | D:5      | Found a sacrificial altar of Ru.
  4397 | D:5      | Found a burning altar of Makhleb.
  4447 | D:5      | Reached skill level 8 in Axes
  4476 | D:5      | Reached skill level 1 in Armour
  5001 | D:5      | Reached skill level 9 in Axes
  5066 | D:5      | Reached XP level 8. HP: 65/70 MP: 8/8
  5693 | D:6      | Noticed Grinder
  5794 | D:5      | Reached skill level 10 in Axes
  6227 | D:6      | Paralysed by Grinder for 4 turns
  6557 | D:6      | Found a staircase to the Ecumenical Temple.
  6584 | Temple   | Entered the Ecumenical Temple
  6612 | Temple   | Became a worshipper of Trog the Wrathful
  6740 | Temple   | Reached skill level 11 in Axes
  6947 | D:6      | HP: 5/105 [gnoll sergeant/+4 trident of freezing (5)]
  6952 | D:6      | Slain by a gnoll sergeant

Illustrated notes

Levels and vault maps discovered:
D:1:      dpeg_arrival_caged_fury, layout_rooms, st_stairs_9
D:2:      layout_rooms, dreamdust_princess_corridor
D:3:      kennysheep_big_flooded_room, layout_rooms,
          dreamdust_ecumenical_altar_grove, chequers_jeans,
          chequers_serial_rivers_large_b, grunt_ministairs_7, dk_noncrumbling_4,
          hangedman_decor_points, kennysheep_decorative_pillar
D:4:      minmay_octagon_keep, layout_rooms, enter_ossuary_4, uniq_edmund
D:5:      layout_gridville, nicolae_overflow_hallway_of_the_gods, st_stairs_11,
          dk_vineyard_2, sigmund_army
D:6:      layout_basic, minmay_temple_entry_proselytizer, minmay_joined_circles,
          uniq_grinder
Temple:   hellmonk_temple_forest_ring

Skill      XL: |  1  2  3  4  5  6  7  8 |
---------------+-------------------------+-----
Axes           | 3 4 5 6 7 9 11 | 11.2
Stealth        | 4 |  4.0
Fighting       | 4 5 6 |  6.1
Armour         | 2 4 |  4.8
Dodging        | |  1.3

Action                     |  1- 3 |  4- 6 |  7- 9 || total
---------------------------+-------+-------+-------++-------
  Melee: Hand axe          |   153 |   283 |   377 ||   813
  Evoke: Wand              |       |     1 |       ||     1
    Use: Scroll            |     1 |     2 |       ||     3
         Potion            |     2 |     6 |     6 ||    14
   Stab: Sleeping          |     3 |       |       ||     3
         Distracted        |     1 |       |       ||     1
         Invisible         |       |       |     1 ||     1
 Armour: Leather armour    |    72 |       |       ||    72
         Chain mail        |    45 |   259 |   318 ||   622
         Skin              |       |       |    45 ||    45
  Dodge: Dodged            |   104 |    98 |   116 ||   318

Table legend: (Time is in decaauts)
 A = Elapsed time spent in this place.
 B = Non-inter-level travel time spent in this place.
 C = Inter-level travel time spent in this place.
 D = Time resting spent in this place.
 E = Time spent auto-exploring this place.
 F = Levels seen in this place.
 G = Mean time per level.
                   A        B        C        D        E       F      G
               +--------+--------+--------+--------+--------+-----+--------+
         Total |   6933 |   6488 |    445 |   1084 |   3324 |   7 |  990.4 |
       Dungeon |   6633 |   6223 |    410 |    992 |   3203 |   6 | 1105.5 |
        Temple |    299 |    264 |     35 |     92 |    121 |   1 |  299.0 |
               +--------+--------+--------+--------+--------+-----+--------+

Top non-repeatable levels by time:
     D:5: 1756 daAuts
     D:3: 1469 daAuts
     D:4: 1466 daAuts
     D:1: 778 daAuts
     D:2: 696 daAuts
     D:6: 467 daAuts
  Temple: 299 daAuts
